 Dungeon Crawl Stone Soup version 0.30-a0-719-gcc4359ea44 (webtiles) character file.

Game seed: 9217767259700613226

2999 IdlyInterested the Slicer (level 9, -3/64 HPs)
             Began as a Demonspawn Gladiator on Jan 26, 2023.
             Succumbed to a kobold's poison
             ... on level 7 of the Dungeon.
             The game lasted 00:20:06 (7605 turns).

IdlyInterested the Slicer (Demonspawn Gladiator)    Turns: 7605, Time: 00:20:06

Health: -3/64      AC:  8    Str: 15    XL:     9   Next: 54%
Magic:  1/9        EV: 12    Int:  9    God:
Gold:   306        SH:  0    Dex: 19    Spells: 8/8 levels left

rFire   . . .      SeeInvis +    a - +4 rapier
rCold   . . .      Faith    .    (no shield)
rNeg    . . .      Spirit   +    C - +0 acid dragon scales
rPois   .          Reflect  .    c - +0 helmet
rElec   .          Harm     .    (no cloak)
rCorr   +          Rampage  .    (no gloves)
Will    .....                    (no boots)
Stlth   ++                       f - amulet of guardian spirit
HPRegen 0.30/turn                i - ring of see invisible
MPRegen 0.11/turn                (no ring)

@: lethally poisoned (-3 -> -30)
A: claws 2, rugged brown scales 1, demonic guardian 1, mutation resistance 1
a: no special abilities


You were on level 7 of the Dungeon.
You visited 2 branches of the dungeon, and saw 8 of its levels.

You collected 306 gold pieces.

Inventory:

Hand Weapons
 a - a +4 rapier (weapon)
 h - a +0 dagger of venom
 r - a +2 dagger of speed
 u - a +0 dagger of draining
Missiles
 d - 4 throwing nets
 e - 3 javelins
 k - 55 stones (quivered)
 v - 12 poisoned darts
Armour
 c - a +0 helmet (worn)
 x - a +1 chain mail of willpower
 C - +0 acid dragon scales (worn)
Jewellery
 f - an amulet of guardian spirit (around neck)
 i - a ring of see invisible (left claw)
Wands
 s - a wand of digging (1)
 w - a wand of iceblast (22)
Scrolls
 o - 2 scrolls of fog
 p - 3 scrolls of magic mapping
 q - a scroll of vulnerability
 y - a scroll of teleportation
 z - a scroll of immolation
Potions
 b - a potion of resistance
 g - 2 potions of flight
 j - 2 potions of attraction
 n - a potion of heal wounds {unknown}
 A - a potion of lignification {unknown}
 D - a potion of might {unknown}


   Skills:
 - Level 3.0 Fighting
 * Level 11.2 Short Blades
 - Level 3.0 Throwing
 + Level 1.1 Armour
 - Level 3.0 Dodging
 - Level 3.0 Stealth
 - Level 3.0 Evocations


You had 8 spell levels left.
You didn't know any spells.
Your spell library contained the following spells:

 Spells                   Type           Power      Damage    Failure   Level
 Kiss of Death            Conj/Necr      0%         2d5       50%         1
 Lesser Beckoning         Tloc           0%         N/A       65%         2
 Confusing Touch          Hex            0%         N/A       86%         3
 Dazzling Flash           Conj/Hex       0%         N/A       86%         3
 Gell's Gravitas          Tloc           0%         N/A       86%         3
 Teleport Other           Tloc           0%         N/A       86%         3
 Dispel Undead            Necr           0%         3d6       99%         4
 Iskenderun's Mystic Bla  Conj/Tloc      0%         2d3       99%         4
 Starburst                Conj/Fire      0%         6d3       100%        6


Dungeon Overview and Level Annotations

Branches:
Dungeon (7/15)             Temple (1/1) D:6

Altars:
Ashenzari
Cheibriados
Dithmenos
Fedhas
Gozag
Hepliaklqana
Kikubaaqudgha
Makhleb
Okawaru
Qazlal
Ru
Sif Muna
Trog
Uskayaw
Vehumet
Wu Jian
Xom
Yredelemnul

Portals:
Abyss: D:4


Innate Abilities, Weirdness & Mutations

You have very sharp fingernails.
You are partially covered in rugged brown scales. (AC +1, +3% HP)
A weak demonic guardian rushes to your aid.
You are somewhat resistant to further mutation.


Message History

The orc warrior completely misses you.
The kobold throws a poisoned dart.
The poisoned dart barely misses your ufetubus.
The poisoned dart closely misses you.
Your life force feels restored.
You hit the orc priest.
The orc priest is moderately wounded.
Your ufetubus hits the kobold.
The kobold dies!
You puncture the orc priest!
The orc priest is almost dead.
The orc priest hits you but does no damage.
The orc warrior misses you.
A kobold comes into view. It is wielding a +0 whip.
You hit the orc priest.
The orc priest is almost dead.
Your ufetubus hits the orc priest.
The orc priest dies!
The kobold brigand throws a poisoned dart.
The poisoned dart hits you!
You are poisoned.
The kobold throws a poisoned dart.
The poisoned dart closely misses you.
The orc warrior hits you with a +0 dire flail.
* * * LOW HITPOINT WARNING * * *
You closely miss the orc warrior.
You feel sick.
You barely miss the orc warrior.
You feel sick.
The kobold brigand throws a poisoned dart.
The poisoned dart closely misses your ufetubus.
The poisoned dart hits you!
You are lethally poisoned!
An orc wizard comes into view. It is wielding a +0 dagger.
Your ufetubus completely misses the orc warrior.
Your ufetubus hits the orc warrior but does no damage.
The orc warrior hits you with a +0 dire flail!
* * * LOW HITPOINT WARNING * * *
The kobold throws a poisoned dart.
The poisoned dart closely misses your ufetubus.
The poisoned dart hits you!
You are more poisoned.
You hit the orc warrior but do no damage.
You die...

)#. #.)# # #.)# #..#
##..#### # .##
#.<....# .#
.....###)..##.###.#.#
#....[............#
....^......##o###.#
####.###..###@5K..##
# ...# #))K)KK#
.......).....#
....#......l..o..
..............##.
..#.#......##
.~...#.....##
~~≈~...#.#.# ~~
.###.#.#


You could see an orc warrior (ally target), a kobold brigand, an iguana, an orc
wizard, 3 kobolds and a friendly ufetubus (summoned).

Vanquished Creatures
  A toenail golem (D:4)
  Maggie (D:6)
  The ghost of pokeman the Magician, an amateur DEHW (D:4)
  A water moccasin (D:6)
  An orc warrior (D:7)
  A sky beast (D:7)
  A hornet zombie (D:7)
  2 ogres
  4 centaurs
  2 phantoms (D:6)
  A kobold brigand (D:6)
  A bullfrog (D:6)
  A wight (D:7)
  A small abomination (D:4)
  A howler monkey (D:6)
  A bullfrog zombie (D:7)
  4 orc priests
  6 hounds
  2 iron imps (D:4)
  4 orc wizards
  6 iguanas
  A mummy (D:6)
  6 adders
  A white imp (D:4)
  An ufetubus (D:6)
  A worm (D:3)
  2 dart slugs
  28 orcs
  5 bats
  11 endoplasms
  2 giant cockroaches
  6 goblins
  7 hobgoblins
  3 jackals (D:1)
  12 kobolds
  3 quokkas
  6 ball pythons
  5 frilled lizards
  2 kobold zombies (D:6)
  2 orc zombies (D:6)
  4 rats
151 creatures vanquished.

Vanquished Creatures (collateral kills)
  An orc priest (D:7)
  A gnoll (D:4)
  An orc (D:7)
  2 kobolds (D:7)
5 creatures vanquished.

Vanquished Creatures (others)
  2 withered plants (D:7)
2 creatures vanquished.

Grand Total: 158 creatures vanquished

Notes
Turn   | Place    | Note
-------+----------+-------------------------------------------
     0 | D:1      | IdlyInterested the Demonspawn Gladiator began the quest for
                  | the Orb.
     0 | D:1      | Reached XP level 1. HP: 16/16 MP: 1/1
   110 | D:1      | Reached skill level 3 in Short Blades
   167 | D:1      | Gained mutation: A weak demonic guardian rushes to your
                  | aid. [demonic ancestry]
   167 | D:1      | Reached XP level 2. HP: 22/22 MP: 2/2
   313 | D:1      | Found a faded altar of an unknown god.
   785 | D:1      | Reached XP level 3. HP: 28/28 MP: 3/3
  1876 | D:2      | Reached skill level 4 in Short Blades
  1884 | D:2      | You fall into a shaft and drop 1 floor!
  2319 | D:3      | Reached XP level 4. HP: 34/34 MP: 4/4
  3375 | D:4      | Found a transporter.
  3499 | D:4      | Noticed pokeman's ghost (amateur DEHW)
  3510 | D:4      | Reached XP level 5. HP: 35/41 MP: 5/5
  3582 | D:4      | Noticed a toenail golem
  3590 | D:4      | Found a transporter.
  3654 | D:4      | Reached skill level 1 in Stealth
  3774 | D:4      | Reached skill level 5 in Short Blades
  4018 | D:4      | Gained mutation: You do not regenerate when monsters are
                  | visible. [potion of mutation]
  4018 | D:4      | Gained mutation: You are agile. (Dex +4, Str/Int -1)
                  | [potion of mutation]
  4018 | D:4      | Lost mutation: You are agile. (Dex +4, Str/Int -1) [potion
                  | of mutation]
  4018 | D:4      | Gained mutation: Your spells are a little harder to cast,
                  | but a little more powerful. [potion of mutation]
  4169 | D:5      | Entered Level 5 of the Dungeon
  4183 | D:5      | Gained mutation: You have sharp fingernails. [demonic
                  | ancestry]
  4183 | D:5      | Reached XP level 6. HP: 45/47 MP: 6/6
  4307 | D:5      | Lost mutation: You do not regenerate when monsters are
                  | visible. [potion of mutation]
  4307 | D:5      | Lost mutation: Your spells are a little harder to cast, but
                  | a little more powerful. [potion of mutation]
  4307 | D:5      | Gained mutation: You are somewhat resistant to further
                  | mutation. [potion of mutation]
  4431 | D:5      | Found a stormy altar of Qazlal.
  4585 | D:5      | Reached skill level 6 in Short Blades
  4585 | D:5      | Gained mutation: You have very sharp fingernails. [demonic
                  | ancestry]
  4585 | D:5      | Reached XP level 7. HP: 52/52 MP: 5/7
  5280 | D:6      | Reached skill level 7 in Short Blades
  5486 | D:6      | Reached skill level 1 in Evocations
  5565 | D:6      | Reached XP level 8. HP: 46/58 MP: 5/8
  5825 | D:6      | Reached skill level 8 in Short Blades
  5875 | D:6      | HP: 2/58 [poisoned by a water moccasin]
  6130 | D:6      | Found a staircase to the Ecumenical Temple.
  6136 | Temple   | Entered the Ecumenical Temple
  6136 | Temple   | Found a transporter.
  6136 | Temple   | Found a transporter.
  6142 | Temple   | Found a transporter.
  6142 | Temple   | Found a transporter.
  6219 | D:6      | Found a shadowy altar of Dithmenos.
  6310 | D:6      | Noticed Maggie
  6331 | D:6      | Killed Maggie
  6332 | D:6      | Reached skill level 9 in Short Blades
  6829 | D:4      | Killed a toenail golem
  6830 | D:4      | Reached skill level 10 in Short Blades
  6830 | D:4      | Gained mutation: You are partially covered in rugged brown
                  | scales. (AC +1, +3% HP) [demonic ancestry]
  6830 | D:4      | Reached XP level 9. HP: 33/64 MP: 6/9
  6845 | D:4      | Killed pokeman's ghost
  7005 | D:4      | Found a one-way gate to the infinite horrors of the Abyss.
  7560 | D:7      | Reached skill level 11 in Short Blades
  7577 | D:7      | Reached skill level 1 in Armour
  7604 | D:7      | HP: 1/64 [orc warrior/+0 dire flail (9)]
  7605 | D:7      | Succumbed to a kobold's poison

Illustrated notes

Levels and vault maps discovered:
D:1:      minmay_arrival_cross, layout_basic,
          ebering_ecumenical_altar_sacrificial
D:2:      layout_loops_ring
D:3:      layout_loops_cross
D:4:      layout_loops_ring, gammafunk_ghost_abyssal_escape
D:5:      layout_rooms, grunt_qazlal_sundering
D:6:      layout_loops_corners, lemuel_tele_altar,
          minmay_temple_entry_enclosed_plants, minmay_mini_ossuary, uniq_maggie
D:7:      layout_loops_ring, serial_undead, serial_undead_f, serial_undead_f,
          serial_undead_f, serial_undead_f
Temple:   hellmonk_temple_divided_pantheon

Skill      XL: |  1  2  3  4  5  6  7  8  9 |
---------------+----------------------------+-----
Short Blades   | 3 4 5 6 7 10 11 | 11.2
Fighting       | 3 |  3.0
Dodging        | 3 |  3.0
Stealth        | 1 3 |  3.0
Throwing       | 3 |  3.0
Evocations     | 1 3 |  3.0
Armour         | 1 |  1.1

Action                     |  1- 3 |  4- 6 |  7- 9 || total
---------------------------+-------+-------+-------++-------
  Melee: Rapier            |   175 |   172 |   303 ||   650
         Punch             |     4 |     3 |     3 ||    10
         Dagger            |     2 |    21 |       ||    23
  Throw: Stone             |       |     3 |    10 ||    13
         Throwing net      |       |       |     1 ||     1
         Dart              |       |       |     2 ||     2
    Use: Scroll            |     2 |    12 |     3 ||    17
         Potion            |       |     5 |     4 ||     9
   Stab: Sleeping          |     3 |       |     3 ||     6
         Held in net/web   |       |       |     1 ||     1
 Armour: Leather armour    |    39 |     1 |       ||    40
         Ring mail         |       |    23 |       ||    23
         Chain mail        |       |    78 |    62 ||   140
         Acid dragon scale |       |       |    33 ||    33
  Dodge: Dodged            |   110 |    74 |   106 ||   290

Table legend: (Time is in decaauts)
 A = Elapsed time spent in this place.
 B = Non-inter-level travel time spent in this place.
 C = Inter-level travel time spent in this place.
 D = Time resting spent in this place.
 E = Time spent auto-exploring this place.
 F = Levels seen in this place.
 G = Mean time per level.
                   A        B        C        D        E       F      G
               +--------+--------+--------+--------+--------+-----+--------+
         Total |   7531 |   6452 |   1079 |   1285 |   3467 |   8 |  941.4 |
       Dungeon |   7494 |   6423 |   1071 |   1285 |   3467 |   7 | 1070.6 |
        Temple |     37 |     29 |      8 |      0 |      0 |   1 |   37.0 |
               +--------+--------+--------+--------+--------+-----+--------+

Top non-repeatable levels by time:
     D:6: 1756 daAuts
     D:4: 1484 daAuts
     D:1: 1255 daAuts
     D:5: 1011 daAuts
     D:2: 930 daAuts
     D:3: 881 daAuts
     D:7: 174 daAuts
  Temple: 37 daAuts
